 Dungeon Crawl Stone Soup version 0.28.0-53-g5a82cb258f (webtiles) character file.

Game seed: 6375491504955355372

399 LustLizard the Chopper (level 6, -1/56 HPs)
             Began as a Hill Orc Fighter on June 10, 2022.
             Slain by a gnoll
             ... wielding a +0 club
              (2 damage)
             ... on level 4 of the Dungeon.
             The game lasted 00:06:58 (4167 turns).

LustLizard the Chopper (Hill Orc Fighter)           Turns: 4167, Time: 00:06:59

Health: -1/56      AC:  7    Str: 19    XL:     6   Next: 84%
Magic:  6/6        EV:  9    Int: 10    God:
Gold:   175        SH:  4    Dex: 10    Spells: 5/5 levels left

rFire   . . .      SeeInvis .   a - +0 war axe
rCold   . . .      Faith    .   c - +0 buckler
rNeg    . . .      Spirit   .   b - +0 scale mail
rPois   .          Reflect  .   (no helmet)
rElec   .          Harm     .   (no cloak)
rCorr   .          Rampage  .   (no gloves)
Will    .....                   (no boots)
Stlth   ..........              (no amulet)
HPRegen 0.18/turn               (no ring)
MPRegen 0.10/turn               (no ring)

@: no status effects
A: no striking features
a: no special abilities


You were on level 4 of the Dungeon.
You visited 1 branch of the dungeon, and saw 4 of its levels.

You collected 175 gold pieces.

Inventory:

Hand Weapons
 a - a +0 war axe (weapon)
Missiles
 f - 103 stones (quivered)
 h - 11 poisoned darts
 q - 3 boomerangs
Armour
 b - a +0 scale mail (worn)
 c - a +0 buckler (worn)
Wands
 o - a wand of charming (11)
Scrolls
 e - a scroll of noise {unknown}
 g - a scroll of torment {unknown}
 j - 2 scrolls of vulnerability {unknown}
 k - a scroll of fog {unknown}
 n - a scroll of fear {unknown}
 p - a scroll of amnesia {unknown}
Potions
 d - a potion of might
 i - a potion of heal wounds {unknown}
 l - 2 potions of curing {unknown}
 m - a potion of flight {unknown}


   Skills:
 + Level 5.2 Fighting
 * Level 5.7 Axes
 + Level 4.7 Armour
 + Level 4.8 Shields


You had 5 spell levels left.
You didn't know any spells.
Your spell library was empty.

Dungeon Overview and Level Annotations

Branches:
Dungeon (4/15)
 Temple: D:4-7

Altars:
Makhleb
Okawaru
Qazlal
Vehumet

Annotations:
D:4 2 transporters


Message History

You hit the gnoll shaman but do no damage.
The gnoll shaman is heavily wounded.
The gnoll shaman closely misses you.
You barely miss the gnoll shaman.
The gnoll shaman is heavily wounded.
You slash the gnoll! The gnoll barely misses you.
The gnoll shaman calls upon its god to heal the gnoll.
The gnoll is healed somewhat.
You hit the gnoll shaman.
The gnoll shaman is almost dead.
You hit the gnoll but do no damage.
The gnoll drinks a potion.
The gnoll seems to grow stronger.
The gnoll shaman calls upon its god to speed up the gnoll.
The gnoll seems to speed up.
The gnoll hits you with a +0 club.
You hit the gnoll shaman but do no damage.
The gnoll shaman is almost dead.
You hit the gnoll. The gnoll hits you with a +0 club.
* * * LOW HITPOINT WARNING * * *
The gnoll shaman hits you with a +0 whip.
* * * LOW HITPOINT WARNING * * *
The gnoll shaman barely misses you. You block the gnoll's attack.
You hit the gnoll shaman.
The gnoll shaman is almost dead.
You closely miss the gnoll. The gnoll hits you with a +0 club.
* * * LOW HITPOINT WARNING * * *
The gnoll shaman invokes the aid of its god against you.
You resist with some effort.
You barely miss the gnoll shaman.
The gnoll shaman is almost dead.
You closely miss the gnoll. The gnoll hits you with a +0 club.
* * * LOW HITPOINT WARNING * * *
The gnoll hits you with a +0 club.
* * * LOW HITPOINT WARNING * * *
You block the gnoll shaman's attack.
The shadow imp disappears for a moment.
You slash the gnoll shaman!
You kill the gnoll shaman!
You completely miss the gnoll. The gnoll hits you but does no damage.
The gnoll hits you with a +0 club.
You die...

...........#5≈...≈.#....#
.........#.#5≈...≈5#$...#
.........#.####+####....#
......>..#.#P..)..P#....#
........##.#8P.©.P8#....#
.........#.#########..#
.........#.....©...)..##..
.........#####.)g###.....#
......[..# #..@....#####
.....))..###...#...###
.................###
##....).###.######
###........# #...######
#..<# #####


You could see a gnoll (fast, strong) and 2 shadow imps.

Vanquished Creatures
  A black bear (D:4)
  A necrophage (D:3)
  A hound (D:3)
  A gnoll shaman (D:4)
  11 gnolls
  2 adders (D:2)
  A dart slug (D:1)
  5 orcs (D:4)
  5 bats
  3 endoplasms
  4 giant cockroaches
  6 goblins
  2 hobgoblins
  11 kobolds
  4 quokkas
  7 ball pythons
  A rat (D:1)
66 creatures vanquished.

Notes
Turn   | Place    | Note
-------+----------+-------------------------------------------
     0 | D:1      | LustLizard the Hill Orc Fighter began the quest for the
                  | Orb.
     0 | D:1      | Reached XP level 1. HP: 19/19 MP: 1/1
   177 | D:1      | Reached XP level 2. HP: 27/27 MP: 2/2
   756 | D:2      | Found a faded altar of an unknown god.
   782 | D:2      | Reached XP level 3. HP: 33/33 MP: 3/3
  1106 | D:2      | Reached XP level 4. HP: 40/40 MP: 4/4
  2095 | D:2      | Reached XP level 5. HP: 41/47 MP: 5/5
  2615 | D:3      | Found a stormy altar of Qazlal.
  2619 | D:3      | Found an iron altar of Okawaru.
  2620 | D:3      | Found a burning altar of Makhleb.
  2622 | D:3      | Found a radiant altar of Vehumet.
  3592 | D:3      | Noticed a necrophage
  3602 | D:3      | Killed a necrophage
  3603 | D:3      | Reached skill level 5 in Axes
  3603 | D:3      | Reached XP level 6. HP: 52/55 MP: 6/6
  3792 | D:4      | Noticed an ice beast
  3801 | D:3      | Reached skill level 5 in Fighting
  3989 | D:4      | Found a transporter.
  4021 | D:4      | Found a transporter.
  4048 | D:4      | Noticed a black bear
  4064 | D:4      | Killed a black bear
  4166 | D:4      | HP: 1/56 [gnoll/+0 club (3)]
  4167 | D:4      | Slain by a gnoll

Illustrated notes

Levels and vault maps discovered:
D:1:      amcnicky_arrival_abandoned_market, layout_basic
D:2:      cheibrodos_helix_gallery, layout_basic,
          hellmonk_ecumenical_altar_crossroads, corexii_item_surrounded_by_moat
D:3:      layout_basic, grunt_temple_overflow_open
D:4:      gammafunk_wand_slinger, layout_rooms, nicolae_overflow_crystal_walls

Skill      XL: |  1  2  3  4  5  6 |
---------------+-------------------+-----
Axes           | 3 4 5 |  5.7
Fighting       | 4 5 |  5.2
Shields        | 4 |  4.8
Armour         | 4 |  4.7

Action                   |  1- 3 |  4- 6 || total
-------------------------+-------+-------++-------
Melee: War axe           |    45 |   169 ||   214
Throw: Dart              |       |    15 ||    15
       Stone             |       |    15 ||    15
Armor: Scale mail        |    23 |    58 ||    81
Dodge: Dodged            |    17 |    90 ||   107
Block: Buckler           |    13 |    31 ||    44
